NYP
MILWAUKEE (NYP) BREWERS @ EUGENE EMERALDS
04/09/2044
 
TOP OF THE 1ST
Milwaukee (NYP) Brewers batting - Pitching for Eugene Emeralds : LHP Matthew Spurrell
Pitching: LHP Matthew Spurrell
Batting: RHB Brian Landrum 0-0: Ball
1-0: Ball
2-0: Ball
3-0: Base on Balls
Batting: RHB Brad Wren 0-0: Ball
1-0: Foul Ball, location: 2F
1-1: Swinging Strike
1-2: Foul Ball, location: 2F
1-2: Strikes out swinging
Batting: LHB Gabe Harvey 0-0: Ball
1-0: Ball
2-0: Ball
3-0: Grounds into double play, 5-4-3 (Groundball, 5L, EV 87.5 MPH)
Top of the 1st over - 0 runs, 0 hits, 0 errors, 0 left on base; Milwaukee (NYP) 0 - Eugene 0
BOTTOM OF THE 1ST
Eugene Emeralds batting - Pitching for Milwaukee (NYP) Brewers : RHP Junzo Yanagisawa
Pitching: RHP Junzo Yanagisawa
Batting: RHB Brian Gargis 0-0: Called Strike
0-1: Called Strike
0-2: Ground out 6-3 (Groundball, 6M, EV 86.2 MPH)
Batting: LHB Mark Huey 0-0: Swinging Strike
0-1: Ball
1-1: Ball
2-1: Called Strike
2-2: Ball
3-2: Base on Balls
Batting: RHB Francisco Ramirez 0-0: Ball
1-0: Ball
2-0: Foul Ball, location: 2F
2-1: Foul Ball, location: 2F
2-2: Strikes out looking
Batting: LHB Trevor Spaulding 0-0: Ball
1-0: Ball
2-0: Ball
3-0: Called Strike
3-1: Called Strike
3-2: DOUBLE (Flyball, 78XD, EV 93.1 MPH)
Mark Huey to third
Mark Huey scores
Batting: RHB Jonathan Sotelo 0-0: Foul Ball, location: 2F
0-1: Called Strike
0-2: Strikes out swinging
Bottom of the 1st over - 1 run, 1 hit, 0 errors, 1 left on base; Milwaukee (NYP) 0 - Eugene 1
TOP OF THE 2ND
Milwaukee (NYP) Brewers batting - Pitching for Eugene Emeralds : LHP Matthew Spurrell
Batting: RHB Skyler Goss 0-0: Called Strike
0-1: Ground out 5-3 (Groundball, 56S, EV 85.0 MPH)
Batting: RHB Dustin Hartman 0-0: Called Strike
0-1: Ball
1-1: Ball
2-1: Foul Ball, location: 2F
2-2: Ball
3-2: Foul Ball, location: 2F
3-2: Strikes out swinging
Batting: SHB Adam Slade 0-0: Ball
1-0: Called Strike
1-1: Called Strike
1-2: Fly out, F5 (Line Drive, 5, EV 73.8 MPH)
Top of the 2nd over - 0 runs, 0 hits, 0 errors, 0 left on base; Milwaukee (NYP) 0 - Eugene 1
BOTTOM OF THE 2ND
Eugene Emeralds batting - Pitching for Milwaukee (NYP) Brewers : RHP Junzo Yanagisawa
Batting: RHB Frank McArdle 0-0: SINGLE (Groundball, 6MD, EV 95.0 MPH)
Batting: LHB Kwang-chih Men 0-0: Ball
1-0: Ball
2-0: Called Strike
2-1: 2-RUN HOME RUN (Flyball, 9D, EV 98.1 MPH), Distance : 383 ft
Batting: RHB Ricky Lule 0-0: SINGLE (Groundball, 56D, EV 104.4 MPH)
Batting: RHB Jonathan Ridgely 0-0: Foul Ball, location: 2F
0-1: Ball
1-1: Swinging Strike
1-2: Ball
2-2: Strikes out looking
Batting: RHB Brian Gargis 0-0: Ball
1-0: Ball
2-0: Called Strike
2-1: SINGLE (Line Drive, 89S, EV 94.4 MPH)
Ricky Lule to second
Batting: LHB Mark Huey 0-0: DOUBLE (Groundball, 3L, EV 105.0 MPH)
Ricky Lule scores
Brian Gargis to third
Runner from 3rd tries for Home, SAFE, no throw by RF
Batting: RHB Francisco Ramirez 0-0: Hit by Pitch
Pitching: RHP Odmar van de Vijver
Batting: LHB Trevor Spaulding 0-0: Called Strike
0-1: Foul Ball, location: 2F
0-2: Strikes out swinging
Batting: RHB Jonathan Sotelo 0-0: Swinging Strike
0-1: Called Strike
0-2: Strikes out swinging
Bottom of the 2nd over - 4 runs, 5 hits, 0 errors, 2 left on base; Milwaukee (NYP) 0 - Eugene 5
TOP OF THE 3RD
Milwaukee (NYP) Brewers batting - Pitching for Eugene Emeralds : LHP Matthew Spurrell
Batting: RHB Matt Granger 0-0: Ball
1-0: Called Strike
1-1: Ball
2-1: Ground out 6-3 (Groundball, 56, EV 83.8 MPH)
Batting: LHB Aaron Mobley 0-0: Called Strike
0-1: Foul Ball, location: 2F
0-2: SINGLE (Flyball, 8RS, EV 88.1 MPH)
Batting: RHB Tom Campos Pickoff Throw to First - Out! 1-3
0-0: Foul Ball, location: 2F
0-1: Ball
1-1: Foul Ball, location: 2F
1-2: Ball
2-2: SINGLE (Line Drive, 7LS, EV 108.1 MPH)
Batting: RHB Brian Landrum 0-0: Foul Ball, location: 2F
0-1: Ball
1-1: Fly out, F9 (Flyball, 9, EV 90.0 MPH)
Top of the 3rd over - 0 runs, 2 hits, 0 errors, 1 left on base; Milwaukee (NYP) 0 - Eugene 5
BOTTOM OF THE 3RD
Eugene Emeralds batting - Pitching for Milwaukee (NYP) Brewers : RHP Odmar van de Vijver
Batting: RHB Frank McArdle 0-0: SINGLE (Groundball, 34D, EV 96.9 MPH)
Batting: LHB Kwang-chih Men 0-0: Called Strike
0-1: SINGLE (Line Drive, 8RS, EV 93.1 MPH)
Frank McArdle to second
Batting: RHB Ricky Lule 0-0: Called Strike
0-1: Ball
1-1: Ball
2-1: Ball
3-1: Base on Balls
Frank McArdle to third
Kwang-chih Men to second
Batting: RHB Jonathan Ridgely 0-0: Called Strike
0-1: Ball
1-1: Ball
2-1: Ball
3-1: Base on Balls
Frank McArdle scores
Kwang-chih Men to third
Ricky Lule to second
Batting: RHB Brian Gargis 0-0: Ball
1-0: Ball
2-0: Fielders Choice at 2nd, 6-4 (Groundball, 6M, EV 105.6 MPH)
Kwang-chih Men scores
Ricky Lule to third
Batting: LHB Mark Huey 0-0: Ball
Brian Gargis steals 2nd base
1-0: Called Strike
1-1: Ball
2-1: Ball
3-1: Called Strike
3-2: Foul Ball, location: 2F
3-2: Foul Ball, location: 2F
3-2: Strikes out swinging
Batting: RHB Francisco Ramirez 0-0: Ball
1-0: Called Strike
1-1: Foul Ball, location: 2F
1-2: Ball
2-2: Ball
3-2: Fly out, F2 (Popup, 3SF, EV 79.4 MPH)
Bottom of the 3rd over - 2 runs, 2 hits, 0 errors, 2 left on base; Milwaukee (NYP) 0 - Eugene 7
TOP OF THE 4TH
Milwaukee (NYP) Brewers batting - Pitching for Eugene Emeralds : LHP Matthew Spurrell
Batting: RHB Brad Wren 0-0: Ball
1-0: Foul Ball, location: 2F
1-1: Foul Ball, location: 2F
1-2: Ball
2-2: Ball
3-2: Ground out 5-3 (Groundball, 56S, EV 87.5 MPH)
Batting: LHB Gabe Harvey 0-0: Ball
1-0: SINGLE (Groundball, 34S, EV 62.5 MPH) (infield hit)
Batting: RHB Skyler Goss 0-0: Ball
Wild Pitch!
Gabe Harvey to second
1-0: Ball
2-0: DOUBLE (Line Drive, 5D, EV 105.6 MPH)
Gabe Harvey scores
Batting: RHB Dustin Hartman 0-0: Called Strike
0-1: Swinging Strike
0-2: Ball
1-2: Hit by Pitch
Batting: SHB Adam Slade 0-0: Ball
1-0: Ground out U3 (Groundball, 34S, EV 66.9 MPH)
Skyler Goss to third
Dustin Hartman to second
Batting: RHB Matt Granger 0-0: Swinging Strike
0-1: Ball
1-1: Ball
2-1: Ball
3-1: Base on Balls
Batting: LHB Aaron Mobley 0-0: Fly out, F8 (Flyball, 8RD, EV 104.4 MPH)
Top of the 4th over - 1 run, 2 hits, 0 errors, 3 left on base; Milwaukee (NYP) 1 - Eugene 7
BOTTOM OF THE 4TH
Eugene Emeralds batting - Pitching for Milwaukee (NYP) Brewers : RHP Odmar van de Vijver
Batting: LHB Trevor Spaulding 0-0: Swinging Strike
0-1: Foul Ball, location: 2F
0-2: Ball
1-2: Foul Ball, location: 2F
1-2: Strikes out swinging
Batting: RHB Jonathan Sotelo 0-0: Fly out, F9 (Line Drive, 9, EV 98.8 MPH)
Batting: RHB Frank McArdle 0-0: Called Strike
0-1: SINGLE (Line Drive, 4D, EV 106.2 MPH)
Batting: LHB Kwang-chih Men 0-0: Ball
1-0: Foul Ball, location: 2F
1-1: Foul Ball, location: 2F
1-2: Foul Ball, location: 2F
1-2: Strikes out swinging
Bottom of the 4th over - 0 runs, 1 hit, 0 errors, 1 left on base; Milwaukee (NYP) 1 - Eugene 7
TOP OF THE 5TH
Milwaukee (NYP) Brewers batting - Pitching for Eugene Emeralds : LHP Matthew Spurrell
Batting: RHB Tom Campos 0-0: Called Strike
0-1: Fly out, F8 (Flyball, 89D, EV 85.6 MPH)
Batting: RHB Brian Landrum 0-0: Ball
1-0: Called Strike
1-1: Ball
2-1: Foul Ball, location: 2F
2-2: Ball
3-2: Strikes out swinging
Batting: RHB Brad Wren 0-0: Called Strike
0-1: Called Strike
0-2: Ball
1-2: TRIPLE (Groundball, 3L, EV 103.1 MPH)
Pitching: LHP Jesse Fields
Batting: LHB Gabe Harvey 0-0: Called Strike
0-1: Called Strike
0-2: Strikes out looking
Top of the 5th over - 0 runs, 1 hit, 0 errors, 1 left on base; Milwaukee (NYP) 1 - Eugene 7
BOTTOM OF THE 5TH
Eugene Emeralds batting - Pitching for Milwaukee (NYP) Brewers : RHP Odmar van de Vijver
Pitching: RHP Brian Heimerman
Batting: RHB Ricky Lule 0-0: Called Strike
0-1: Ball
1-1: Ground out 5-3 (Groundball, 56S, EV 86.2 MPH)
Batting: RHB Jonathan Ridgely 0-0: Called Strike
0-1: Ball
1-1: Ball
2-1: Foul Ball, location: 2F
2-2: Ball
3-2: Base on Balls
Batting: RHB Brian Gargis 0-0: Ball
1-0: Swinging Strike
1-1: Fielders Choice at 2nd, 5-4 (Groundball, 56S, EV 81.9 MPH)
Batting: LHB Mark Huey 0-0: Called Strike
Brian Gargis steals 2nd base
0-1: Called Strike
0-2: Strikes out swinging
Bottom of the 5th over - 0 runs, 0 hits, 0 errors, 1 left on base; Milwaukee (NYP) 1 - Eugene 7
TOP OF THE 6TH
Milwaukee (NYP) Brewers batting - Pitching for Eugene Emeralds : LHP Jesse Fields
Batting: RHB Skyler Goss 0-0: Foul Ball, location: 2F
0-1: Foul Ball, location: 2F
0-2: Ball
1-2: SINGLE (Groundball, 6MD, EV 100.6 MPH)
Batting: RHB Dustin Hartman 0-0: Ball
1-0: Fly out, F8 (Flyball, 8LD, EV 86.9 MPH)
Batting: SHB Adam Slade 0-0: Ball
1-0: Ball
Passed Ball!
Skyler Goss to second
2-0: Swinging Strike
2-1: Ball
3-1: Base on Balls
Batting: RHB Matt Granger 0-0: Ball
1-0: Called Strike
1-1: Ball
2-1: Swinging Strike
2-2: 3-RUN HOME RUN (Flyball, 78XD, EV 108.8 MPH), Distance : 409 ft
Pitching: RHP Miles Edwards
Batting: LHB Aaron Mobley 0-0: Foul Ball, location: 2F
0-1: Foul Ball, location: 2F
0-2: DOUBLE (Flyball, 78D, EV 101.9 MPH)
Batting: RHB Tom Campos 0-0: Foul Ball, location: 2F
0-1: Ball
1-1: Ball
2-1: Foul Ball, location: 2F
2-2: Ball
3-2: Base on Balls
Pinch Hitting: LHB Enrique Andrade 0-0: Called Strike
0-1: Called Strike
0-2: Ball
1-2: Ball
2-2: Foul Ball, location: 2F
2-2: Foul Ball, location: 2F
2-2: Ball
3-2: Base on Balls
Aaron Mobley to third
Tom Campos to second
Batting: SHB Bradley Barrowcliff 0-0: Ball
Passed Ball!
Aaron Mobley scores
Tom Campos to third
Enrique Andrade to second
1-0: Called Strike
1-1: Ball
2-1: Ball
3-1: Base on Balls
Batting: LHB Gabe Harvey 0-0: Ball
1-0: Foul Ball, location: 2F
1-1: Swinging Strike
1-2: Strikes out swinging
Batting: RHB Skyler Goss 0-0: Called Strike
0-1: Ground out 5-3 (Groundball, 56S, EV 87.5 MPH)
Top of the 6th over - 4 runs, 3 hits, 0 errors, 3 left on base; Milwaukee (NYP) 5 - Eugene 7
BOTTOM OF THE 6TH
Eugene Emeralds batting - Pitching for Milwaukee (NYP) Brewers : RHP Brian Heimerman
Now at 2B: Robert Sayer
Batting: RHB Francisco Ramirez 0-0: Ball
1-0: Foul Ball, location: 2F
1-1: Ball
2-1: SOLO HOME RUN (Flyball, 9LD, EV 92.5 MPH), Distance : 338 ft
Batting: LHB Trevor Spaulding 0-0: Called Strike
0-1: Ball
1-1: Swinging Strike
1-2: Ball
2-2: Ball
3-2: Ground out 1-3 (Groundball, 13S, EV 70.6 MPH)
Batting: RHB Jonathan Sotelo 0-0: Called Strike
0-1: Ball
1-1: Swinging Strike
1-2: Foul Ball, location: 2F
1-2: Foul Ball, location: 2F
1-2: Fly out, F7 (Flyball, 7, EV 85.0 MPH)
Pitching: RHP Brendan Reeves
Batting: RHB Frank McArdle 0-0: Ground out 2-3 (Groundball, 15S, EV 71.2 MPH)
Bottom of the 6th over - 1 run, 1 hit, 0 errors, 0 left on base; Milwaukee (NYP) 5 - Eugene 8
TOP OF THE 7TH
Milwaukee (NYP) Brewers batting - Pitching for Eugene Emeralds : RHP Miles Edwards
Pitching: LHP Mike Alexander
Batting: RHB Dustin Hartman 0-0: Swinging Strike
0-1: Ball
1-1: Ball
2-1: Swinging Strike
2-2: Foul Ball, location: 2F
2-2: Strikes out swinging
Batting: SHB Adam Slade 0-0: Foul Ball, location: 2F
0-1: Called Strike
0-2: Strikes out swinging
Batting: RHB Matt Granger 0-0: Called Strike
0-1: Swinging Strike
0-2: Ball
1-2: Foul Ball, location: 2F
1-2: Strikes out swinging
Top of the 7th over - 0 runs, 0 hits, 0 errors, 0 left on base; Milwaukee (NYP) 5 - Eugene 8
BOTTOM OF THE 7TH
Eugene Emeralds batting - Pitching for Milwaukee (NYP) Brewers : RHP Brendan Reeves
Batting: LHB Kwang-chih Men 0-0: Ball
1-0: Swinging Strike
1-1: Foul Ball, location: 2F
1-2: Foul Ball, location: 2F
1-2: Strikes out swinging
Batting: RHB Ricky Lule 0-0: Ball
1-0: Called Strike
1-1: Called Strike
1-2: DOUBLE (Groundball, 5L, EV 106.9 MPH)
Batting: RHB Jonathan Ridgely 0-0: Called Strike
0-1: Ball
1-1: Ball
2-1: Ball
3-1: DOUBLE (Groundball, 5L, EV 103.1 MPH)
Ricky Lule scores
Batting: RHB Brian Gargis 0-0: Called Strike
0-1: Foul Ball, location: 2F
0-2: Ball
1-2: Strikes out swinging
Batting: LHB Mark Huey 0-0: Called Strike
0-1: Called Strike
0-2: Foul Ball, location: 2F
0-2: Ball
1-2: Ball
2-2: Foul Ball, location: 2F
2-2: Ground out 1-3 (Groundball, 13S, EV 60.0 MPH)
Bottom of the 7th over - 1 run, 2 hits, 0 errors, 1 left on base; Milwaukee (NYP) 5 - Eugene 9
TOP OF THE 8TH
Milwaukee (NYP) Brewers batting - Pitching for Eugene Emeralds : LHP Mike Alexander
Batting: LHB Aaron Mobley 0-0: Called Strike
0-1: Foul Ball, location: 2F
0-2: Ball
1-2: Foul Ball, location: 2F
1-2: Foul Ball, location: 2F
1-2: Ball
2-2: Strikes out looking
Batting: RHB Tom Campos 0-0: Foul Ball, location: 2F
0-1: Foul Ball, location: 2F
0-2: Foul Ball, location: 2F
0-2: Foul Ball, location: 2F
0-2: Strikes out swinging
Batting: SHB Robert Sayer 0-0: Foul Ball, location: 2F
0-1: Ball
1-1: Fly out, F7 (Flyball, 7D, EV 98.1 MPH)
Top of the 8th over - 0 runs, 0 hits, 0 errors, 0 left on base; Milwaukee (NYP) 5 - Eugene 9
BOTTOM OF THE 8TH
Eugene Emeralds batting - Pitching for Milwaukee (NYP) Brewers : RHP Brendan Reeves
Batting: RHB Francisco Ramirez 0-0: Ball
1-0: Called Strike
1-1: DOUBLE (Line Drive, 78M, EV 108.8 MPH)
Batting: LHB Trevor Spaulding 0-0: Ball
1-0: Ball
2-0: Called Strike
2-1: Ball
3-1: Base on Balls
Batting: RHB Jonathan Sotelo 0-0: Ball
1-0: Ball
2-0: Foul Ball, location: 2F
2-1: Foul Ball, location: 2F
2-2: Strikes out looking
Batting: RHB Frank McArdle 0-0: SINGLE (Groundball, 4MD, EV 99.4 MPH)
Francisco Ramirez to third
Trevor Spaulding to second
Runner from 3rd tries for Home, SAFE, throw by CF to home
Batting: LHB Kwang-chih Men 0-0: Called Strike
0-1: Fly out, F4 (Line Drive, 4, EV 66.9 MPH)
Batting: RHB Ricky Lule 0-0: Swinging Strike
0-1: Reached via error on a dropped throw from 1B, E1 (Groundball, 34, EV 86.2 MPH)
Trevor Spaulding to third
Frank McArdle to second
Batting: RHB Jonathan Ridgely 0-0: Ball
1-0: Ball
2-0: Called Strike
2-1: Ground out 4-3 (Groundball, 4, EV 80.0 MPH)
Bottom of the 8th over - 1 run, 2 hits, 1 error, 3 left on base; Milwaukee (NYP) 5 - Eugene 10
TOP OF THE 9TH
Milwaukee (NYP) Brewers batting - Pitching for Eugene Emeralds : LHP Mike Alexander
Batting: SHB Bradley Barrowcliff 0-0: Ball
1-0: Called Strike
1-1: SINGLE (Groundball, 34, EV 97.5 MPH)
Batting: LHB Gabe Harvey 0-0: Ball
1-0: Foul Ball, location: 2F
1-1: Ball
2-1: Swinging Strike
2-2: Ball
3-2: TRIPLE (Flyball, 9LD, EV 93.1 MPH)
Bradley Barrowcliff scores
Pitching: LHP Oscar Stolarski
Batting: RHB Skyler Goss 0-0: Called Strike
0-1: Ball
1-1: Foul Ball, location: 2F
1-2: Strikes out swinging
Batting: RHB Dustin Hartman 0-0: Ball
1-0: Ball
2-0: Ball
3-0: Base on Balls
Batting: SHB Adam Slade 0-0: Ball
1-0: Called Strike
1-1: Swinging Strike
1-2: Ball
2-2: Foul Ball, location: 2F
2-2: Ball
3-2: Fielders Choice at 2nd, 6-4 (Groundball, 56, EV 81.9 MPH)
Gabe Harvey scores
Batting: RHB Matt Granger 0-0: Called Strike
0-1: Foul Ball, location: 2F
0-2: Fielders Choice at 2nd, 6-4 (Groundball, 6, EV 91.2 MPH)
Top of the 9th over - 2 runs, 2 hits, 0 errors, 1 left on base; Milwaukee (NYP) 7 - Eugene 10
Thursday, March 31st , 2022 - OOTP Baseball 22.12 Build 89